 Dungeon Crawl Stone Soup version 0.30-a0-596-g0af90f9a20 (webtiles) character file.

Game seed: 190497523779801156

48 drugrobin the Sneak (level 3, 0/30 HPs)
             Began as a Demigod Delver on Jan 6, 2023.
             Slain by a gnoll
             ... wielding a +0 halberd
              (8 damage)
             ... on level 2 of the Dungeon.
             The game lasted 00:03:50 (1465 turns).

drugrobin the Sneak (Demigod Delver)                Turns: 1465, Time: 00:03:51

Health: 0/30       AC:  5    Str: 13    XL:     3   Next: 30%
Magic:  5/5        EV: 11    Int: 12    God:
Gold:   91         SH:  0    Dex: 19    Spells: 2/2 levels left

rFire   . . .      SeeInvis .      - Unarmed
rCold   . . .      Faith    .    (no shield)
rNeg    . . .      Spirit   .    g - +0 ring mail
rPois   .          Reflect  .    (no helmet)
rElec   .          Harm     .    (no cloak)
rCorr   .          Rampage  .    (no gloves)
Will    .....                    (no boots)
Stlth   ++                       (no amulet)
HPRegen 0.25/turn                (no ring)
MPRegen 0.09/turn                (no ring)

@: no status effects
A: high MP 1, forlorn, divine attributes
a: no special abilities


You were on level 2 of the Dungeon.
You visited 1 branch of the dungeon, and saw 5 of its levels.

You collected 91 gold pieces.

Inventory:

Missiles
 m - 5 boomerangs (quivered)
Armour
 a - a +0 leather armour
 g - a +0 ring mail (worn)
Wands
 f - a wand of digging (3)
Scrolls
 b - 2 scrolls of fog
 c - a scroll of magic mapping
 d - a scroll of fear
 h - 3 scrolls of teleportation {unknown}
 k - 2 scrolls of blinking {unknown}
 n - a scroll of identify {unknown}
Potions
 e - a potion of haste
 i - a potion of lignification {unknown}
 j - 2 potions of invisibility {unknown}
 l - a potion of brilliance {unknown}
 o - a potion of attraction {unknown}
 p - 3 potions of curing {unknown}


   Skills:
 - Level 2.6 Fighting
 - Level 1.7 Dodging
 - Level 4.5 Stealth
 + Level 3.6 Unarmed Combat


You had 2 spell levels left.
You didn't know any spells.
Your spell library was empty.

Dungeon Overview and Level Annotations

Branches:
Dungeon (5/15)
 Temple: D:4-7


Innate Abilities, Weirdness & Mutations

You have an increased reservoir of magic. (+10% MP)
You shall have no god before yourself.
Your divine heritage dramatically boosts your attributes as you level up.


Message History

A worm comes into view.
Found 5 gold pieces.
There is an open door here.
A hobgoblin comes into view.
There is an open door here.
You start waiting.
Done waiting.
There is an open door here.
A gnoll comes into view. It is wielding a +0 halberd.
A gnoll comes into view. It is wielding a +3 heavy flail.
Unknown command.
There is an open door here.
A gnoll comes into view. It is wielding a +0 flail.
The gnoll hits you from afar with a +0 halberd!
Unknown command.
There is a stone staircase leading up here.
You climb upwards.
There is a stone staircase leading down here.
You start resting.
HP restored.
You climb downwards.
There is a stone staircase leading up here.
Okay, then.
Throw: 5 boomerangs
Press: ? - help, Q - select action Shift-Dir - straight line, f - gnoll
Aim: a gnoll, wielding a +0 halberd (65% to hit)
You throw a boomerang. The boomerang barely misses the gnoll.
The gnoll barely misses you.
The gnoll hits you from afar with a +0 halberd.
Unknown command.
The gnoll hits you with a +0 halberd.
You hit the gnoll.
The gnoll is moderately wounded.
The gnoll hits you with a +0 halberd!
Ouch! That really hurt!
* * * LOW HITPOINT WARNING * * *
Unknown command.
Unknown command.
The gnoll hits you from afar with a +0 halberd!
You die...

#....##.## #.######
####..#.##. #.# #
##.#.##.###.#
#.#.##.....#
####.#.####...#
#......)###...#
#.#####.......#
#g### #..#.......#
#..@# #..#.......#
#.....#............
#.###.###..########
...# ....>.# #####
.##.## .##.# #


You could see a gnoll.

Vanquished Creatures
  A dart slug (D:1)
  5 endoplasms
  A giant cockroach (D:4)
  4 goblins
  4 hobgoblins
  2 quokkas
  7 ball pythons
  7 bats (D:1)
  A frilled lizard (D:1)
  4 kobolds
  10 rats
46 creatures vanquished.

Notes
Turn   | Place    | Note
-------+----------+-------------------------------------------
     0 | D:5      | drugrobin the Demigod Delver began the quest for the Orb.
     0 | D:5      | Reached XP level 1. HP: 18/18 MP: 3/3
    20 | D:5      | Noticed a howler monkey
    71 | D:5      | Noticed a two-headed ogre
   114 | D:4      | Noticed a hound
   333 | D:1      | Reached XP level 2. HP: 18/25 MP: 4/4
   940 | D:1      | Reached XP level 3. HP: 30/30 MP: 5/5
  1465 | D:2      | Slain by a gnoll

Illustrated notes

Levels and vault maps discovered:
D:1:      elethiomel_arrival_diamonds, layout_loops_cross,
          basic_ecumenical_altar, minmay_misc_feat_five,
          hangedman_abyss_or_decor_stabs
D:2:      layout_basic, chequers_serial_rivers_micro_c
D:3:      minmay_door_path, layout_basic, serial_rivers,
          chequers_serial_rivers_room_a, chequers_serial_rivers_large_a,
          chequers_serial_rivers_micro_e, chequers_serial_rivers_large_b,
          serial_shops, nicolae_square_shop, uniq_jessica
D:4:      layout_rooms, nicolae_elyvilon_peaceful_grove, grunt_ministairs_10
D:5:      layout_loops_ring, dreamdust_mushroom_princess, kennysheep_nondescript

Skill      XL: |  1  2 |
---------------+-------+-----
Unarmed Combat | 2 3 |  3.6
Fighting       | |  2.6
Dodging        | |  1.7
Stealth        | |  4.5

Action                   || total
-------------------------++-------
Melee: Unarmed           ||   192
       Punch             ||     2
Throw: Boomerang         ||     1
 Stab: Sleeping          ||     6
Armor: Leather armour    ||    21
       Ring mail         ||    59
Dodge: Dodged            ||   105

Table legend: (Time is in decaauts)
 A = Elapsed time spent in this place.
 B = Non-inter-level travel time spent in this place.
 C = Inter-level travel time spent in this place.
 D = Time resting spent in this place.
 E = Time spent auto-exploring this place.
 F = Levels seen in this place.
 G = Mean time per level.
                   A        B        C        D        E       F      G
               +--------+--------+--------+--------+--------+-----+--------+
         Total |   1455 |   1421 |     34 |    177 |    588 |   5 |  291.0 |
       Dungeon |   1455 |   1421 |     34 |    177 |    588 |   5 |  291.0 |
               +--------+--------+--------+--------+--------+-----+--------+

Top non-repeatable levels by time:
     D:1: 930 daAuts
     D:2: 275 daAuts
     D:4: 134 daAuts
     D:5: 100 daAuts
     D:3: 14 daAuts
